 Dungeon Crawl Stone Soup version 0.21.1-1-g345015fe64 (webtiles) character file.

119 Lothor the Vandal (level 5, 0/38 HPs)
             Began as a Formicid Hunter on Mar 21, 2018.
             Slain by an ogre
             ... wielding a +0 giant club
              (8 damage)
             ... on level 3 of the Dungeon.
             The game lasted 00:06:39 (1674 turns).

Lothor the Vandal (Formicid Hunter)                 Turns: 1674, Time: 00:06:39

Health: 0/38       AC:  4    Str: 17    XL:     5   Next: 23%
Magic:  5/5        EV: 12    Int: 10    God:
Gold:   114        SH:  0    Dex: 12    Spells: 4/4 levels left

rFire    . . .     SeeInvis +   a - +1 hunting sling
rCold    . . .     Gourm    .   (no shield)
rNeg     . . .     Faith    .   c - +0 leather armour
rPois    .         Spirit   .   (helmet unavailable)
rElec    .         Reflect  .   (no cloak)
rCorr    .         Harm     .   (no gloves)
MR       .....                  n - +0 pair of boots
Stlth    +.........             (no amulet)
HPRegen  0.12/turn              (no ring)
MPRegen  0.09/turn              (no ring)

@: no status effects
A: permanent stasis, dig shafts and tunnels, four strong arms, antennae 3
a: Dig, Shaft Self


You were on level 3 of the Dungeon.
You were not hungry.

You visited 1 branch of the dungeon, and saw 3 of its levels.

You collected 114 gold pieces.

Inventory:

Hand Weapons
 a - a +1 hunting sling (weapon)
 b - a +0 short sword
Missiles
 d - 21 sling bullets (quivered)
 h - 18 arrows
 i - 87 stones
Armour
 c - a +0 leather armour (worn)
 n - a +0 pair of boots (worn)
Jewellery
 m - a cursed ring of wizardry {unknown}
 o - an uncursed ring of positive energy {unknown}
Scrolls
 e - a scroll of fog {unknown}
 k - a scroll of noise {unknown}
 p - a scroll of enchant weapon {unknown}
 r - a scroll of fear {unknown}
 s - a scroll of remove curse {unknown}
Potions
 g - a potion of invisibility {unknown}
 j - a potion of curing {unknown}
 l - a potion of agility {unknown}
 q - a potion of lignification {unknown}
Comestibles
 f - 6 rations
 t - 2 chunks of flesh


   Skills:
 - Level 2.1 Fighting
 + Level 6.8 Slings
 - Level 1.7 Dodging
 - Level 1.2 Stealth


You had 4 spell levels left.
You didn't know any spells.

Dungeon Overview and Level Annotations

Branches:
Dungeon (3/15)

Altars:


Innate Abilities, Weirdness & Mutations

You cannot be hasted, slowed, berserked, paralysed or teleported.
You can dig through walls and to a lower floor.
Your four strong arms can wield two-handed weapons with a shield.
You have a pair of large antennae on your head. (SInv)


Message History

Press: ? - help, Shift-Dir - straight line, f/p - ogre
Aim: an ogre, wielding a giant club (severely wounded)
You shoot a sling bullet. The sling bullet hits the ogre.
The ogre is almost dead.
The ogre misses you.
Firing (i - inventory. (,) - cycle):
d - 23 sling bullets (quivered)
Press: ? - help, Shift-Dir - straight line, f/p - ogre
Aim: an ogre, wielding a giant club (almost dead)
You shoot a sling bullet.
The sling bullet completely misses the ogre.
The sling bullet hits the leopard gecko.
The leopard gecko is severely wounded.
Firing (i - inventory. (,) - cycle):
d - 22 sling bullets (quivered)
Press: ? - help, Shift-Dir - straight line, f/p - ogre
Aim: an ogre, wielding a giant club (almost dead)
You shoot a sling bullet.
The sling bullet closely misses the ogre.
The sling bullet barely misses the leopard gecko.
The ogre hits you with a giant club!
You die...

######
#...@#
###.##O#
#...<#l#
######(# #(#
## #. #(###
... #. #(..#
....#.####(#
....#....#.#


You could see an ogre and a leopard gecko.

Vanquished Creatures
  A jelly (D:2)
  5 adders
  A worm (D:2)
  2 dart slugs (D:1)
  A leopard gecko (D:1)
  An orc (D:3)
  5 bats
  3 giant cockroaches (D:2)
  6 goblins
  5 hobgoblins
  A frilled lizard (D:1)
  3 kobolds
  3 rats
37 creatures vanquished.

Notes
Turn   | Place    | Note
-------+----------+-------------------------------------------
     0 | D:1      | Lothor the Formicid Hunter began the quest for the Orb.
     0 | D:1      | Reached XP level 1. HP: 16/16 MP: 1/1
   174 | D:1      | Reached XP level 2. HP: 22/22 MP: 2/2
   247 | D:1      | Reached skill level 5 in Slings
  1052 | D:2      | Reached XP level 3. HP: 27/27 MP: 3/3
  1194 | D:2      | Reached skill level 6 in Slings
  1194 | D:2      | Reached XP level 4. HP: 33/33 MP: 4/4
  1285 | D:2      | Reached XP level 5. HP: 38/38 MP: 5/5
  1642 | D:3      | Noticed an ogre
  1674 | D:3      | Slain by an ogre

Skill      XL: |  1  2  3 |
---------------+----------+-----
Slings         | 5 6 |  6.8
Fighting       | |  2.1
Dodging        | |  1.7
Stealth        | |  1.2

Action                   |  1- 3 |  4- 6 || total
-------------------------+-------+-------++-------
 Fire: Hunting sling     |    57 |    71 ||   128
  Eat: Chunk             |     1 |     1 ||     2
Armor: Leather armour    |       |     4 ||     4
Dodge: Dodged            |     4 |    18 ||    22
